| TOP OF THE 1ST |
|
Winter Haven Sun Sox batting - Pitching for Dunedin Blue Jays : RHP Randy Bockus
|
|
Pitching: RHP Randy Bockus
|
|
|
Batting: LHB Don Carter
|
0-0: Ball 1-0: Swinging Strike 1-1: Foul Ball, location: 2F 1-2: Ball 2-2: Ball 3-2: Ground out U3 (Groundball, 3, EV 101.3 MPH)
|
|
Batting: RHB Augie Schmidt
|
0-0: Ball 1-0: Ball 2-0: Foul Ball, location: 2F 2-1: Called Strike 2-2: Fly out, F3 (Popup, 3SF, EV 81.9 MPH)
|
|
Batting: RHB Sam Sorce
|
0-0: Ball 1-0: Ball 2-0: Foul Ball, location: 2F 2-1: Foul Ball, location: 2F 2-2: Ground out 6-3 (Groundball, 6, EV 88.8 MPH)
|
| Top of the 1st over - 0 runs, 0 hits, 0 errors, 0 left on base; Winter Haven 0 - Dunedin 0 |
| BOTTOM OF THE 1ST |
|
Dunedin Blue Jays batting - Pitching for Winter Haven Sun Sox : RHP Camila Estado
|
|
Pitching: RHP Camila Estado
|
|
|
Batting: SHB Dave Owen
|
0-0: Called Strike 0-1: Ball 1-1: Foul Ball, location: 2F 1-2: Fly out, F4 (Popup, 34S, EV 72.5 MPH)
|
|
Batting: SHB Ted Wilborn
|
0-0: Called Strike 0-1: Ball 1-1: Ground out 4-3 (Groundball, 4S, EV 86.3 MPH)
|
|
Batting: RHB Dale Berra
|
0-0: Swinging Strike 0-1: Ball 1-1: Fly out, F7 (Flyball, 78XD, EV 91.9 MPH)
|
| Bottom of the 1st over - 0 runs, 0 hits, 0 errors, 0 left on base; Winter Haven 0 - Dunedin 0 |
| TOP OF THE 2ND |
|
Winter Haven Sun Sox batting - Pitching for Dunedin Blue Jays : RHP Randy Bockus
|
|
Batting: LHB Charles Melito
|
0-0: Called Strike 0-1: Ball 1-1: Swinging Strike 1-2: Ball 2-2: Foul Ball, location: 2F 2-2: Ball 3-2: Base on Balls
|
|
Batting: RHB Takashi Upshur
|
0-0: Swinging Strike 0-1: Fly out, F9 (Flyball, 89D, EV 95.6 MPH)
|
|
Batting: RHB Stephen Rhodes
|
0-0: Ball 1-0: Ball 2-0: Ball 3-0: Called Strike 3-1: Swinging Strike 3-2: Fielders Choice at 2nd, 4-6 (Groundball, 34, EV 85.6 MPH)
|
|
Batting: RHB Domingo Ramos
|
0-0: Called Strike 0-1: Called Strike 0-2: Ball 1-2: Fielders Choice at 2nd, 6-4 (Groundball, 6, EV 78.8 MPH)
|
| Top of the 2nd over - 0 runs, 0 hits, 0 errors, 1 left on base; Winter Haven 0 - Dunedin 0 |
| BOTTOM OF THE 2ND |
|
Dunedin Blue Jays batting - Pitching for Winter Haven Sun Sox : RHP Camila Estado
|
|
Batting: RHB Jose Canseco
|
0-0: Ball 1-0: Ball 2-0: Ball 3-0: Base on Balls
|
|
Batting: LHB Monte McAbee
|
0-0: Foul Ball, location: 2F 0-1: Foul Ball, location: 2F 0-2: DOUBLE (Groundball, 3L, EV 96.3 MPH) Jose Canseco to third
|
|
Batting: RHB David Hall
|
0-0: Called Strike 0-1: Ball 1-1: Foul Ball, location: 2F 1-2: SINGLE (Flyball, 8RS, EV 93.8 MPH) Jose Canseco scores Monte McAbee to third
|
|
Batting: RHB Dann Bilardello
|
0-0: Fly out, F6 (Line Drive, 6, EV 66.3 MPH)
|
|
Batting: RHB Robert Conley
|
0-0: Fielders Choice at 2nd, 3-6 (Groundball, 34S, EV 91.3 MPH) Monte McAbee scores
|
|
Batting: RHB Scott Richartz
|
0-0: Ball 1-0: Foul Ball, location: 2F 1-1: Ball 2-1: Fly out, F7 (Flyball, 7S, EV 85.0 MPH)
|
| Bottom of the 2nd over - 2 runs, 2 hits, 0 errors, 1 left on base; Winter Haven 0 - Dunedin 2 |
| TOP OF THE 3RD |
|
Winter Haven Sun Sox batting - Pitching for Dunedin Blue Jays : RHP Randy Bockus
|
|
Batting: RHB Jose Marcano
|
0-0: Ground out U3 (Groundball, 34, EV 106.3 MPH)
|
|
Batting: RHB Tony Flores
|
0-0: Ball 1-0: Ball 2-0: Called Strike 2-1: Swinging Strike 2-2: Ground out 6-3 (Groundball, 56, EV 96.3 MPH)
|
|
Batting: LHB Don Carter
|
0-0: Ball 1-0: Ball 2-0: Ball 3-0: Base on Balls
|
|
Batting: RHB Augie Schmidt
|
0-0: Ball 1-0: Ball 2-0: Ball 3-0: Called Strike 3-1: Foul Ball, location: 2F 3-2: SINGLE (Line Drive, 89M, EV 91.9 MPH) Don Carter to second Don Carter to third
|
|
Batting: RHB Sam Sorce
|
0-0: Ball 1-0: Ball 2-0: Ball 3-0: Called Strike 3-1: Foul Ball, location: 2F 3-2: Reached on error, E4 (Groundball, 4, EV 88.1 MPH) Don Carter scores Augie Schmidt to second
|
|
Batting: LHB Charles Melito
|
0-0: Ball 1-0: Called Strike 1-1: Ball 2-1: Ball 3-1: SINGLE (Flyball, 8LS, EV 90.6 MPH) Augie Schmidt to third Sam Sorce to second Runner from 3rd tries for Home, SAFE, throw by CF to home
|
|
Batting: RHB Takashi Upshur
|
0-0: Called Strike 0-1: Ball 1-1: Swinging Strike 1-2: Ball 2-2: Strikes out looking
|
| Top of the 3rd over - 2 runs, 2 hits, 1 error, 2 left on base; Winter Haven 2 - Dunedin 2 |
| BOTTOM OF THE 3RD |
|
Dunedin Blue Jays batting - Pitching for Winter Haven Sun Sox : RHP Camila Estado
|
|
Batting: SHB Dave Owen
|
0-0: SINGLE (Flyball, 9LM, EV 91.9 MPH)
|
|
Batting: SHB Ted Wilborn
|
0-0: Called Strike 0-1: Ball 1-1: Ball 2-1: Fielders Choice at 2nd, 1-6 (Groundball, P, EV 66.9 MPH)
|
|
Batting: RHB Dale Berra
|
0-0: Foul Ball, location: 2F 0-1: Ball Ted Wilborn is caught stealing 2nd base 2-4 1-1: Foul Ball, location: 2F 1-2: Foul Ball, location: 2F 1-2: Ground out 4-3 (Groundball, 4, EV 81.9 MPH)
|
| Bottom of the 3rd over - 0 runs, 1 hit, 0 errors, 0 left on base; Winter Haven 2 - Dunedin 2 |
| TOP OF THE 4TH |
|
Winter Haven Sun Sox batting - Pitching for Dunedin Blue Jays : RHP Randy Bockus
|
|
Batting: RHB Stephen Rhodes
|
0-0: Called Strike 0-1: Ball 1-1: Ball 2-1: Ball 3-1: Called Strike 3-2: Foul Ball, location: 2F 3-2: Base on Balls
|
|
Batting: RHB Domingo Ramos
|
0-0: Grounds into double play, 6-4-3 (Groundball, 6, EV 84.4 MPH)
|
|
Batting: RHB Jose Marcano
|
0-0: Foul Ball, location: 2F 0-1: Ball 1-1: SINGLE (Flyball, 34D, EV 88.1 MPH)
|
|
Batting: RHB Tony Flores
|
0-0: Ball 1-0: Foul Ball, location: 2F 1-1: Called Strike 1-2: Ball 2-2: TRIPLE (Line Drive, 78XD, EV 107.5 MPH) Jose Marcano scores
|
|
Batting: LHB Don Carter
|
0-0: Fly out, F5 (Popup, 56S, EV 68.1 MPH)
|
| Top of the 4th over - 1 run, 2 hits, 0 errors, 1 left on base; Winter Haven 3 - Dunedin 2 |
| BOTTOM OF THE 4TH |
|
Dunedin Blue Jays batting - Pitching for Winter Haven Sun Sox : RHP Camila Estado
|
|
Batting: RHB Jose Canseco
|
0-0: Called Strike 0-1: Ball 1-1: Foul Ball, location: 2F 1-2: Ball 2-2: Fly out, F9 (Flyball, 9S, EV 82.5 MPH)
|
|
Batting: LHB Monte McAbee
|
0-0: Fly out, F8 (Flyball, 89D, EV 103.8 MPH)
|
|
Batting: RHB David Hall
|
0-0: Ball 1-0: Ball 2-0: Foul Ball, location: 2F 2-1: Ball 3-1: Base on Balls
|
|
Batting: RHB Dann Bilardello
|
0-0: Ball 1-0: Fly out, F8 (Flyball, 8RS, EV 91.3 MPH)
|
| Bottom of the 4th over - 0 runs, 0 hits, 0 errors, 1 left on base; Winter Haven 3 - Dunedin 2 |
| TOP OF THE 5TH |
|
Winter Haven Sun Sox batting - Pitching for Dunedin Blue Jays : RHP Randy Bockus
|
|
Batting: RHB Augie Schmidt
|
0-0: Foul Ball, location: 2F 0-1: Foul Ball, location: 2F 0-2: Ball 1-2: Ground out 6-3 (Groundball, P, EV 84.4 MPH)
|
|
Batting: RHB Sam Sorce
|
0-0: Called Strike 0-1: Ball 1-1: Reached on error, E4 (Groundball, 4S, EV 78.1 MPH)
|
|
Batting: LHB Charles Melito
|
0-0: Ball 1-0: Swinging Strike 1-1: Ball 2-1: SINGLE (Line Drive, 7LS, EV 105.0 MPH) Sam Sorce to third
|
|
Batting: RHB Takashi Upshur
|
0-0: Fly out, F8 (Line Drive, 8LM, EV 111.3 MPH)
|
|
Batting: RHB Stephen Rhodes
|
0-0: Ball 1-0: Ball 2-0: DOUBLE (Line Drive, 3D, EV 107.5 MPH) Sam Sorce scores Charles Melito to third Runner from 3rd tries for Home, SAFE, no throw by RF
|
|
Batting: RHB Domingo Ramos
|
0-0: Ground out 6-3 (Groundball, 56, EV 101.9 MPH)
|
| Top of the 5th over - 2 runs, 2 hits, 1 error, 1 left on base; Winter Haven 5 - Dunedin 2 |
| BOTTOM OF THE 5TH |
|
Dunedin Blue Jays batting - Pitching for Winter Haven Sun Sox : RHP Camila Estado
|
|
Batting: RHB Robert Conley
|
0-0: Ball 1-0: Foul Ball, location: 2F 1-1: Called Strike 1-2: Ball 2-2: Foul Ball, location: 2F 2-2: Fly out, F8 (Line Drive, 8LM, EV 88.1 MPH)
|
|
Batting: RHB Scott Richartz
|
0-0: Ball 1-0: Ground out 6-3 (Groundball, 56D, EV 100.0 MPH)
|
|
Batting: SHB Dave Owen
|
0-0: Ball 1-0: Ball 2-0: Ball 3-0: Base on Balls
|
|
Batting: SHB Ted Wilborn
|
0-0: Ball 1-0: Ball 2-0: Ball 3-0: Base on Balls Dave Owen to second
|
|
Batting: RHB Dale Berra
|
0-0: Ball 1-0: Fly out, F8 (Flyball, 89D, EV 90.6 MPH)
|
| Bottom of the 5th over - 0 runs, 0 hits, 0 errors, 2 left on base; Winter Haven 5 - Dunedin 2 |
| TOP OF THE 6TH |
|
Winter Haven Sun Sox batting - Pitching for Dunedin Blue Jays : RHP Randy Bockus
|
|
Batting: RHB Jose Marcano
|
0-0: Swinging Strike 0-1: Ball 1-1: Ground out 6-3 (Groundball, 56D, EV 81.9 MPH)
|
|
Batting: RHB Tony Flores
|
0-0: SINGLE (Groundball, 6D, EV 100.6 MPH)
|
|
Batting: LHB Don Carter
|
0-0: Ball 1-0: Called Strike 1-1: Ball 2-1: Ball 3-1: SINGLE (Line Drive, 34D, EV 102.5 MPH) Tony Flores to second
|
|
Batting: RHB Augie Schmidt
|
0-0: Ball 1-0: Called Strike 1-1: Ball 2-1: Called Strike 2-2: Fielders Choice at 2nd, 3-6 (Groundball, 34S, EV 88.8 MPH) Tony Flores to third
|
|
Batting: RHB Sam Sorce
|
0-0: Ball 1-0: Swinging Strike 1-1: Ball 2-1: DOUBLE (Line Drive, 89M, EV 105.6 MPH) Tony Flores scores Augie Schmidt to third
|
|
Pitching: RHP Miguel Alicea
|
|
|
Batting: LHB Charles Melito
|
0-0: Ball Wild Pitch! Augie Schmidt scores Sam Sorce to third 1-0: Called Strike 1-1: DOUBLE (Line Drive, 9LD, EV 106.3 MPH) Sam Sorce scores
|
|
Batting: RHB Takashi Upshur
|
0-0: Called Strike 0-1: Ball 1-1: SINGLE (Line Drive, 89M, EV 88.1 MPH) Charles Melito to third
|
|
Batting: RHB Stephen Rhodes
|
0-0: Called Strike 0-1: Ball 1-1: Foul Ball, location: 2F 1-2: Strikes out swinging
|
| Top of the 6th over - 3 runs, 5 hits, 0 errors, 2 left on base; Winter Haven 8 - Dunedin 2 |
| BOTTOM OF THE 6TH |
|
Dunedin Blue Jays batting - Pitching for Winter Haven Sun Sox : RHP Camila Estado
|
|
Batting: RHB Jose Canseco
|
0-0: Ball 1-0: Ball 2-0: Swinging Strike 2-1: Ball 3-1: Ground out 4-3 (Groundball, 4, EV 107.5 MPH)
|
|
Batting: LHB Monte McAbee
|
0-0: Ball 1-0: Foul Ball, location: 2F 1-1: Foul Ball, location: 2F 1-2: Ball 2-2: Ground out 6-3 (Groundball, 6, EV 85.6 MPH)
|
|
Batting: RHB David Hall
|
0-0: Ball 1-0: Ball 2-0: Called Strike 2-1: Fly out, F7 (Flyball, 7S, EV 87.5 MPH)
|
| Bottom of the 6th over - 0 runs, 0 hits, 0 errors, 0 left on base; Winter Haven 8 - Dunedin 2 |
| TOP OF THE 7TH |
|
Winter Haven Sun Sox batting - Pitching for Dunedin Blue Jays : RHP Miguel Alicea
|
|
Batting: RHB Domingo Ramos
|
0-0: Ball 1-0: Ball 2-0: Foul Ball, location: 2F 2-1: Fly out, F6 (Popup, P, EV 73.8 MPH)
|
|
Batting: RHB Jose Marcano
|
0-0: Ball 1-0: Called Strike 1-1: Ball 2-1: Ball 3-1: Fly out, F8 (Flyball, 8LXD, EV 95.0 MPH)
|
|
Batting: RHB Tony Flores
|
0-0: Ball 1-0: Ball 2-0: Foul Ball, location: 2F 2-1: Foul Ball, location: 2F 2-2: Ball 3-2: DOUBLE (Flyball, 89D, EV 95.6 MPH)
|
|
Batting: LHB Don Carter
|
0-0: Foul Ball, location: 2F 0-1: Swinging Strike 0-2: Ball 1-2: Ground out 3-1 (Groundball, 34S, EV 77.5 MPH)
|
| Top of the 7th over - 0 runs, 1 hit, 0 errors, 1 left on base; Winter Haven 8 - Dunedin 2 |
| BOTTOM OF THE 7TH |
|
Dunedin Blue Jays batting - Pitching for Winter Haven Sun Sox : RHP Camila Estado
|
|
Batting: RHB Dann Bilardello
|
0-0: Foul Ball, location: 2F 0-1: Ball 1-1: Foul Ball, location: 2F 1-2: Foul Ball, location: 2F 1-2: Foul Ball, location: 2F 1-2: Foul Ball, location: 2F 1-2: Ball 2-2: Ball 3-2: Ground out U3 (Groundball, 34, EV 91.3 MPH)
|
|
Batting: RHB Robert Conley
|
0-0: Called Strike 0-1: Called Strike 0-2: Ball 1-2: Ball 2-2: Strikes out swinging
|
|
Batting: RHB Scott Richartz
|
0-0: Swinging Strike 0-1: Swinging Strike 0-2: Ball 1-2: Foul Ball, location: 2F 1-2: Foul Ball, location: 2F 1-2: Strikes out looking
|
| Bottom of the 7th over - 0 runs, 0 hits, 0 errors, 0 left on base; Winter Haven 8 - Dunedin 2 |
| TOP OF THE 8TH |
|
Winter Haven Sun Sox batting - Pitching for Dunedin Blue Jays : RHP Miguel Alicea
|
|
Batting: RHB Augie Schmidt
|
0-0: Called Strike 0-1: Fly out, F3 (Popup, 3F, EV 73.1 MPH)
|
|
Batting: RHB Sam Sorce
|
0-0: Ball 1-0: Foul Ball, location: 2F 1-1: Ground out 4-3 (Groundball, 34, EV 85.6 MPH)
|
|
Batting: LHB Charles Melito
|
0-0: Ball 1-0: Called Strike 1-1: Fly out, F9 (Flyball, 9D, EV 82.5 MPH)
|
| Top of the 8th over - 0 runs, 0 hits, 0 errors, 0 left on base; Winter Haven 8 - Dunedin 2 |
| BOTTOM OF THE 8TH |
|
Dunedin Blue Jays batting - Pitching for Winter Haven Sun Sox : RHP Camila Estado
|
|
Batting: SHB Dave Owen
|
0-0: Foul Ball, location: 2F 0-1: Called Strike 0-2: Ball 1-2: Ground out 4-3 (Groundball, 34, EV 106.9 MPH)
|
|
Batting: SHB Ted Wilborn
|
0-0: Ball 1-0: Ball 2-0: Ball 3-0: Called Strike 3-1: Fly out, F9 (Flyball, 9, EV 93.1 MPH)
|
|
Batting: RHB Dale Berra
|
0-0: Ball 1-0: Called Strike 1-1: Ball 2-1: Foul Ball, location: 2F 2-2: Ball 3-2: Fly out, F8 (Flyball, 89XD, EV 103.1 MPH)
|
| Bottom of the 8th over - 0 runs, 0 hits, 0 errors, 0 left on base; Winter Haven 8 - Dunedin 2 |
| TOP OF THE 9TH |
|
Winter Haven Sun Sox batting - Pitching for Dunedin Blue Jays : RHP Miguel Alicea
|
|
Pitching: LHP Carlos A Diaz
|
|
|
Batting: RHB Takashi Upshur
|
0-0: Ball 1-0: Ball 2-0: Called Strike 2-1: Foul Ball, location: 2F 2-2: Strikes out swinging
|
|
Batting: RHB Stephen Rhodes
|
0-0: Ball 1-0: Called Strike 1-1: Foul Ball, location: 2F 1-2: Ball 2-2: Foul Ball, location: 2F 2-2: Ball 3-2: Base on Balls
|
|
Batting: RHB Domingo Ramos
|
0-0: Ball 1-0: Ball 2-0: Ball 3-0: Called Strike 3-1: Called Strike 3-2: Foul Ball, location: 2F 3-2: Reached on error, E6 (Groundball, 6, EV 109.4 MPH) Stephen Rhodes to second
|
|
Batting: RHB Jose Marcano
|
0-0: Ball 1-0: Ball 2-0: Ball 3-0: Base on Balls Stephen Rhodes to third Domingo Ramos to second
|
|
Batting: RHB Tony Flores
|
0-0: SINGLE (Line Drive, 7S, EV 97.5 MPH) Stephen Rhodes scores Domingo Ramos to third Jose Marcano to second
|
|
Batting: LHB Don Carter
|
0-0: Ball 1-0: Called Strike 1-1: Ball 2-1: Grounds into double play, 4-6-3 (Groundball, 4, EV 87.5 MPH)
|
| Top of the 9th over - 1 run, 1 hit, 1 error, 2 left on base; Winter Haven 9 - Dunedin 2 |
| BOTTOM OF THE 9TH |
|
Dunedin Blue Jays batting - Pitching for Winter Haven Sun Sox : RHP Camila Estado
|
|
Batting: RHB Jose Canseco
|
0-0: Ball 1-0: Called Strike 1-1: Called Strike 1-2: Ball 2-2: Ball 3-2: Base on Balls
|
|
Pitching: RHP Andrew Tam
|
|
|
Batting: LHB Monte McAbee
|
0-0: Ball 1-0: Foul Ball, location: 2F 1-1: Foul Ball, location: 2F 1-2: Ball 2-2: Ball 3-2: Base on Balls Jose Canseco to second
|
|
Batting: RHB David Hall
|
0-0: Called Strike 0-1: Ball 1-1: Swinging Strike 1-2: Ball 2-2: Foul Ball, location: 2F 2-2: SINGLE (Groundball, 5S, EV 65.0 MPH) (infield hit) Jose Canseco to third Monte McAbee to second
|
|
Batting: RHB Dann Bilardello
|
0-0: Called Strike 0-1: Called Strike 0-2: Foul Ball, location: 2F 0-2: Foul Ball, location: 2F 0-2: Grounds into double play, 6-4-3 (Groundball, 6M, EV 80.6 MPH) Jose Canseco scores Monte McAbee to third
|
|
Batting: RHB Robert Conley
|
0-0: Called Strike 0-1: Swinging Strike 0-2: Ball 1-2: Ball 2-2: Foul Ball, location: 2F 2-2: Ball 3-2: 2-RUN HOME RUN (Flyball, 7D, EV 107.5 MPH), Distance : 381 ft
|
|
Batting: RHB Scott Richartz
|
0-0: Fly out, F7 (Line Drive, 7D, EV 97.5 MPH)
|
| Bottom of the 9th over - 3 runs, 2 hits, 0 errors, 0 left on base; Winter Haven 9 - Dunedin 5 |
|